Map: Frostline LE

Players

iPlayDefense - Winner!

  • Race: Terran Terran
  • Spawn Location: 7:00

VOD

Have the link to the VOD?

Description

Time

  • Played on: April 11, 2025, 4:29 p.m.
  • Length: 12:12
Show
View Real Time Build Order
Export as new Build Order

iPlayDefense Terran - Winner!

Build Orders:  

Get SALT Encoding   

  12  0:01  SCV  
  13  0:18  SCV  
  14  0:29  Supply Depot  
  14  0:36  Refinery  
  14  0:40  SCV  
  15  0:59  SCV  
  16  1:07  Barracks  
  16  1:17  SCV  
  17  1:36  Supply Depot  
  17  2:09  Barracks  
  17  2:13  Orbital Command  
  17  2:14  Barracks Reactor  
  17  2:20  Engineering Bay  
  17  3:00  Terran Infantry Weapons Level 1  
  17  3:08  Marine  
  17  3:09  Marine  
  19  3:17  Barracks Reactor  
  19  3:22  Barracks Tech Lab  
  19  3:32  Supply Depot  
  19  3:33  Marine  
  19  3:34  Marine  
  21  3:47  SCV  
  22  3:55  Unknown  
  22  3:58  Marine  
  22  3:59  Marine  
  24  4:04  SCV  
  25  4:21  SCV  
  25  4:23  Marine  
  25  4:28  Barracks  
  27  4:38  SCV  
  28  4:44  Command Center  
  28  5:04  SCV  
  29  5:21  SCV  
  30  5:34  Barracks Tech Lab  
  30  5:38  SCV  
  31  5:55  SCV  
  32  6:06  Stimpack  
  32  6:12  SCV  
  33  6:37  Command Center  
  33  6:45  SCV  
  33  6:46  SCV  
  35  6:51  Marine  
  35  6:52  Marine x3  
  39  7:02  SCV  
  39  7:03  SCV  
  41  7:13  Factory  
  41  7:16  Marine  
  41  7:17  Marine  
  41  7:19  SCV  
  44  7:20  SCV  
  44  7:25  Marine  
  44  7:26  Marine  
  47  7:36  SCV, Terran Infantry Armor Level 1  
  47  7:37  SCV  
  49  7:41  Marine  
  49  7:42  Marine  
  51  7:50  Marine  
  51  7:51  Marine  
  51  7:53  SCV  
  54  8:11  Marine x2  
  54  8:17  SCV, Marine  
  56  8:37  Supply Depot  
  56  8:42  SCV  
  56  8:43  SCV x2  
  59  8:59  SCV  
  60  9:00  SCV x2  
  62  9:10  Supply Depot  
  62  9:12  Supply Depot  
  62  9:16  SCV  
  62  9:17  SCV x2  
  65  9:33  SCV, Factory Tech Lab  
  65  9:34  SCV x2  
  68  9:43  Supply Depot  
  68  9:45  Unknown, Armory  
  68  9:50  SCV  
  68  9:51  SCV x2  
  71  10:17  Refinery  
  69  10:23  Refinery x2  
  69  10:25  Refinery  
  69  10:28  Refinery  
  68  10:47  Unknown  
  67  10:52  Marine  
  67  10:53  Marine x3  
  71  11:17  Marine  
  71  11:18  Marine x3  
  75  11:20  Supply Depot  
  75  11:36  Supply Depot  
  75  11:38  Unknown  
  75  11:42  Marine  
  75  11:43  Marine x3  
  75  11:46  SCV x2  
  75  11:47  SCV  
  82  11:52  Supply Depot, Unknown  
  85  12:08  Supply Depot  
Tags
 
Matchup
Co-op
Replay Pack
DaveSC2
Add a new tag
Caveats
  • Supply blocks, unpowered buildings, or Contaminate may cause inaccurate times.
  • Supply counts are checked every 10 seconds.